 Dungeon Crawl Stone Soup version 0.30.1-11-g7821555f0a (webtiles) character file.

Game seed: 13936661158292763345

21 Peloso the Covered (level 2, -2/27 HPs)
             Began as a Minotaur Fighter on Dec 15, 2023.
             Killed by divine providence
             ... invoked by an orc priest
              (14 damage)
             ... on level 3 of the Dungeon.
             The game lasted 00:01:50 (1874 turns).

Peloso the Covered (Minotaur Fighter)               Turns: 1874, Time: 00:01:51

Health: -2/27      AC: 14    Str: 20    XL:     2   Next: 65%
Magic:  1/1        EV:  9    Int:  5    God:
Gold:   64         SH:  4    Dex:  9    Spells: 1/1 levels left

rFire   + . .        a - +0 long sword (protect)
rCold   . . .        c - +0 buckler
rNeg    + . .        b - +0 scale mail
rPois   .            (helmet restricted)
rElec   .            (no cloak)
rCorr   .            (no gloves)
SInv    .            (no boots)
Will    .....        (no amulet) Stlth
                     k - ring of protection from fire
HPRegen 0.24/turn    f - ring of positive energy
MPRegen 0.07/turn

%: no passive effects
@: under a protective aura
A: horns 2, retaliatory headbutt
a: no special abilities


You were on level 3 of the Dungeon.
You visited 1 branch of the dungeon, and saw 3 of its levels.

You collected 64 gold pieces.

Inventory:

Hand Weapons
 a - a +0 long sword of protection (weapon)
Armour
 b - a +0 scale mail (worn)
 c - a +0 buckler (worn)
Jewellery
 f - a ring of positive energy (right hand)
 k - a ring of protection from fire (left hand)
Scrolls
 e - a scroll of blinking
 g - a scroll of fog
 h - 3 scrolls of identify
Potions
 d - a potion of might
 j - a potion of cancellation


   Skills:
 + Level 4.0 Fighting
 + Level 2.7 Long Blades
 + Level 4.1 Armour
 + Level 3.7 Shields


You had one spell level left.
You didn't know any spells.
Your spell library contained the following spells:

 Spells                   Type           Power      Damage    Failure   Level
 Ensorcelled Hibernation  Hex/Ice        0%         N/A       95%         2
 Passwall                 Tmut/Erth      0%         N/A       95%         2
 Dazzling Flash           Conj/Hex       0%         N/A       99%         3
 Swiftness                Air            0%         N/A       99%         3
 Agony                    Necr           0%         N/A       100%        5
 Silence                  Hex/Air        0%         N/A       100%        5


Dungeon Overview and Level Annotations

Branches:
Dungeon (3/15)

Altars:
Cheibriados
Okawaru


Innate Abilities, Weirdness & Mutations

You have a pair of horns on your head.
You reflexively headbutt those who attack you in melee.


Message History

The orc wizard points at you and mumbles some strange words.
The magic dart hits you but does no damage.
You see here a scroll of blinking.
Unknown command.
Found 10 gold pieces.
The orc priest mumbles some strange prayers to Beogh against you.
Pain shoots through your body! The orc wizard casts a spell at you.
The magic dart hits you!
You're too confused to move!
The orc priest hits you but does no damage.
You barely miss the orc priest. Your headbutt misses the orc priest.
The orc wizard attacks as you move away!
The orc wizard closely misses you.
You feel less confused. The orc hits you but does no damage.
The orc priest barely misses you.
The orc wizard hits you with a +0 dagger.
You barely miss the orc priest. The orc hits you with a +0 club.
The orc priest hits you but does no damage.
The orc wizard misses you.
You hit the orc priest but do no damage.
Your weapon exudes an aura of protection.
The orc hits you with a +0 club. The orc priest barely misses you.
The orc wizard hits you but does no damage.
Unknown command.
You hit the orc priest but do no damage.
Your headbutt misses the orc priest. The orc hits you but does no damage.
The orc priest hits you but does no damage.
The orc wizard casts a spell.
The orc wizard flickers and vanishes!
Deactivating autopickup; reactivate with Ctrl-A.
The orc priest hits you but does no damage.
Something hits you but does no damage. The orc closely misses you.
You slash the orc priest! Your headbutt misses the orc priest.
The orc priest is heavily wounded.
The orc barely misses you. You furiously retaliate!
You headbutt the orc.
The orc priest calls down the wrath of Beogh upon you.
Beogh smites you!
Ouch! That really hurt!
You die...

#.# ### #.# ..
#.# .###
#.##...###
####........#
#<...._......
#.##........$
#....@o[8....
#..#?{o......
#............_.#
#..............#
#.#<.....#...###
#.##.##.###### .
#.##.# . .. ..#
## ...


You could see an orc priest and an orc.

Vanquished Creatures
  A worm (D:2)
  2 dart slugs
  3 endoplasms
  A goblin (D:2)
  A hobgoblin (D:1)
  2 kobolds (D:1)
  A quokka (D:1)
  A ball python (D:2)
  A frilled lizard (D:2)
  A rat (D:2)
14 creatures vanquished.

Notes
Turn   | Place    | Note
-------+----------+-------------------------------------------
     0 | D:1      | Peloso the Minotaur Fighter began the quest for the Orb.
     0 | D:1      | Reached XP level 1. HP: 19/19 MP: 0/0
   129 | D:1      | Found a faded altar of an unknown god.
   349 | D:1      | Reached XP level 2. HP: 27/27 MP: 1/1
  1861 | D:3      | Found a snail-covered altar of Cheibriados.
  1864 | D:3      | Found an iron altar of Okawaru.
  1874 | D:3      | Killed from afar by an orc priest

Illustrated notes

Levels and vault maps discovered:
D:1:      dpeg_arrival_circle_labyrinth_c, layout_basic,
          hellmonk_ecumenical_altar_crossroads
D:2:      layout_basic
D:3:      layout_loops_ring, nicolae_overflow_ecumenical_swirl,
          grunt_temple_overflow_open, hangedman_abyss_or_decor_lesser_grid,
          st_stairs_3

Skill      XL: |  1 |
---------------+----+-----
Armour         | 4 |  4.1
Fighting       | 4 |  4.0
Long Blades    | |  2.7
Shields        | |  3.7

Action                     || total
---------------------------++-------
  Melee: Long sword        ||    34
         Headbutt          ||     4
    Use: Scroll            ||     6
         Potion            ||     4
 Armour: Scale mail        ||    19
  Dodge: Dodged            ||    21
  Block: Buckler           ||     4
